 Dungeon Crawl Stone Soup version 0.30-a0-1016-gfb0d676c02 (webtiles) character file.

Game seed: 7941467745795776215

37 DeathPants the Ducker (level 3, -1/28 HPs)
             Began as a Demonspawn Gladiator on Apr 6, 2023.
             Killed from afar by a dart slug (2 damage)
             ... with a slug dart
             ... on level 2 of the Dungeon.
             The game lasted 00:02:58 (589 turns).

DeathPants the Ducker (Demonspawn Gladiator)         Turns: 589, Time: 00:02:59

Health: -1/28      AC:  6    Str: 14    XL:     3   Next: 23%
Magic:  4/4        EV: 12    Int: 11    God:
Gold:   30         SH:  0    Dex: 14    Spells: 1/4 levels left

rFire   . . .      SeeInvis .    a - +0 quarterstaff
rCold   . . .      Faith    .    (shield currently unavailable)
rNeg    . . .      Spirit   .    b - +0 leather armour
rPois   .          Reflect  .    c - +0 helmet
rElec   .          Rampage  .    (no cloak)
rCorr   .                        f - +1 pair of gloves
Will    .....                    (no boots)
Stlth   +                        (no amulet)
HPRegen 0.24/turn                (no ring)
MPRegen 0.09/turn                (no ring)

@: no status effects
A: demonic guardian 1
a: no special abilities


You were on level 2 of the Dungeon.
You visited 1 branch of the dungeon, and saw 2 of its levels.

You collected 30 gold pieces.

Inventory:

Hand Weapons
 a - a +0 quarterstaff (weapon)
Missiles
 d - 3 throwing nets (quivered)
 e - a javelin
Armour
 b - a +0 leather armour (worn)
 c - a +0 helmet (worn)
 f - a +1 pair of gloves (worn)
Scrolls
 i - a scroll of immolation {unknown}
Potions
 g - 2 potions of curing {unknown}
 h - a potion of brilliance {unknown}


   Skills:
 + Level 2.4 Fighting
 - Level 2.6 Staves
 - Level 1.7 Throwing
 + Level 1.0 Armour
 + Level 3.0 Dodging
 + Level 1.0 Spellcasting
 + Level 0.5 Transmutations


You had one spell level left.
You knew the following spells:

 Your Spells              Type           Power      Damage    Failure   Level
a - Beastly Appendage     Tmut           2%         N/A       30%         1
b - Wereblood             Tmut           1%         N/A       43%         2

Your spell library contained the following spells:

 Spells                   Type           Power      Damage    Failure   Level
 Spider Form              Tmut/Pois      1%         N/A       71%         3


Dungeon Overview and Level Annotations

Branches:
Dungeon (2/15)

Altars:


Innate Abilities, Weirdness & Mutations

A weak demonic guardian rushes to your aid.


Message History

You hit the adder.
The adder is severely wounded.
You feel sick. The adder bites you.
You are more poisoned.
The adder poisons you!
You barely miss the adder.
The adder is severely wounded.
You feel sick. The adder barely misses you. The adder closely misses you.
You miss the adder.
The adder is severely wounded.
You feel sick. The adder bites you but does no damage.
You closely miss the adder.
The adder is severely wounded.
You feel sick. The adder bites you.
* * * LOW HITPOINT WARNING * * *
A demonic guardian appears!
A dart slug comes into view.
The adder closely misses you.
You closely miss the adder.
The adder is severely wounded.
* * * LOW HITPOINT WARNING * * *
You feel sick. The adder barely misses you.
Your shadow imp closely misses the adder.
You sock the adder!
You kill the adder!
* * * LOW HITPOINT WARNING * * *
You feel sick.
You swap places.
* * * LOW HITPOINT WARNING * * *
You feel sick.
Things that are here:
6 gold pieces; an adder corpse
* * * LOW HITPOINT WARNING * * *
You feel sick.
You are no longer poisoned.
The dart slug launches a dart at you.
The slug dart hits your shadow imp but does no damage.
The dart slug launches a dart at you. The slug dart hits you.
You die...

###.. .....
....##.!........## .r...
.##......!........ #..$###.#
#............#
#....#.###............
#.#................#
###...#.)##..........#
##....<.#.............##
..[[..))..##....@.$....#
#.......†.##.................
#.........##.................
#...............)...5...##.##
#......................## #
#......|..##.........w##
#.....>...#.............
............<...........
#.........##.#


You could see a dart slug (ally target) and a friendly shadow imp (summoned).

Vanquished Creatures
  An adder (D:2)
  2 ball pythons
  A bat (D:1)
  3 endoplasms
  3 giant cockroaches (D:1)
  2 goblins (D:1)
  A quokka (D:2)
  2 frilled lizards
  2 kobolds (D:2)
  5 rats (D:1)
22 creatures vanquished.

Vanquished Creatures (collateral kills)
  3 jackals (D:1)
  A goblin (D:1)
4 creatures vanquished.

Grand Total: 26 creatures vanquished

Notes
Turn   | Place    | Note
-------+----------+-------------------------------------------
     0 | D:1      | DeathPants the Demonspawn Gladiator began the quest for the
                  | Orb.
     0 | D:1      | Reached XP level 1. HP: 16/16 MP: 1/1
   162 | D:1      | Gained mutation: A weak demonic guardian rushes to your
                  | aid. [demonic ancestry]
   162 | D:1      | Reached XP level 2. HP: 22/22 MP: 2/2
   265 | D:1      | Learned a level 1 spell: Beastly Appendage
   407 | D:1      | Reached skill level 1 in Armour
   409 | D:1      | Reached skill level 3 in Dodging
   409 | D:1      | Reached skill level 1 in Spellcasting
   409 | D:1      | Reached XP level 3. HP: 23/28 MP: 4/4
   460 | D:1      | Learned a level 2 spell: Wereblood
   588 | D:2      | HP: 1/28 [poisoned by an adder]
   589 | D:2      | Killed from afar by a dart slug

Illustrated notes

Levels and vault maps discovered:
D:1:      dpeg_arrival_prison, layout_rooms
D:2:      layout_rooms

Skill      XL: |  1  2 |
---------------+-------+-----
Armour         | 1 |  1.0
Dodging        | 3 |  3.0
Spellcasting   | 1 |  1.0
Fighting       | |  2.4
Staves         | |  2.6
Throwing       | |  1.7
Transmutations | |  0.5

Action                     || total
---------------------------++-------
  Melee: Quarterstaff      ||    57
 Armour: Leather armour    ||    14
  Dodge: Dodged            ||    47

Table legend: (Time is in decaauts)
 A = Elapsed time spent in this place.
 B = Non-inter-level travel time spent in this place.
 C = Inter-level travel time spent in this place.
 D = Time resting spent in this place.
 E = Time spent auto-exploring this place.
 F = Levels seen in this place.
 G = Mean time per level.
                   A        B        C        D        E       F      G
               +--------+--------+--------+--------+--------+-----+--------+
         Total |    599 |    586 |     13 |      0 |    378 |   2 |  299.5 |
       Dungeon |    599 |    586 |     13 |      0 |    378 |   2 |  299.5 |
               +--------+--------+--------+--------+--------+-----+--------+

Top non-repeatable levels by time:
     D:1: 542 daAuts
     D:2: 57 daAuts
